AoeStats
← CYE RUD3 BO1

Arena

509328651Analyzed
2v2 RM · 7d ago on Sep 26, 2026· 48m 54s· 4 players
Game mode
Random Map
Map size
Medium (4 player)
Population
200
Speed
Normal
Resources
Standard
Victory
Conquest
Starting age
Dark Age
Ending age
Imperial Age
RankedLock teamsTeams togetherTeam positionsShared explorationLock speedFull tech treeHidden civsTurbo modeCheats
Victory
Defeat
🇹🇷 Malay · Türkiye
803
+18
🇷🇺 Portuguese · Russia
794
+18
🇬🇧 Khmer · United Kingdom
845
-18
🇬🇧 Bohemians · United Kingdom
844
-18
ufukyldz94
11:47 Feudal Age
12:22 Wheelbarrow
11:40 Double-Bit Axe
18:26 Castle Age
16:27 Horse Collar
17:27 Forging
17:40 Gold Mining
17:46 Arson
19:15 Squires
21:26 Iron Casting
22:23 Bow Saw
23:08 Gold Shaft Mining
25:22 Thumb Ring
26:10 Fletching
26:21 Padded Archer Armor
27:50 Stone Mining
29:06 Ballistics
29:32 Elite Skirmisher
30:11 Bodkin Arrow
30:24 Heavy Plow
32:04 Leather Archer Armor
36:45 Hand Cart
39:18 Husbandry
40:12 Stone Shaft Mining
42:29 Scale Barding Armor
44:58 Imperial Age
43:11 Murder Holes
43:28 Masonry
43:20 Treadmill Crane
44:55 Conscription
47:07 Blast Furnace
46:08 Bracer
46:39 Ring Archer Armor
46:04 Capped Ram
47:49 Crop Rotation
48:06 Elite Battle Elephant
50:30 Chemistry
76561199137489861
0:48 Loom
3:24 Loom
10:34 Feudal Age
11:02 Double-Bit Axe
10:58 Horse Collar
12:14 Wheelbarrow
16:39 Castle Age
16:42 Wheelbarrow
17:47 Bow Saw
17:30 Gold Mining
18:28 Heavy Plow
21:20 Ballistics
21:08 Stone Mining
22:11 Fletching
24:31 Stone Shaft Mining
25:39 Hand Cart
30:48 Bodkin Arrow
30:59 Scale Barding Armor
31:05 Forging
31:13 Elite Skirmisher
34:10 Bloodlines
34:02 Husbandry
35:34 Masonry
39:36 Imperial Age
36:54 Town Watch
37:37 Circumnavigation
39:00 Iron Casting
41:35 Chemistry
41:06 Architecture
40:44 Siege Engineers
41:20 Town Patrol
42:25 Blast Furnace
41:45 Chain Barding Armor
40:50 Cavalier
43:09 Arquebus
44:45 Bracer
46:22 Padded Archer Armor
46:57 Plate Barding Armor
46:23 Scale Mail Armor
CYE RUD3 BO1
5:10 Loom
10:10 Feudal Age
14:26 Castle Age
13:52 Double-Bit Axe
13:52 Horse Collar
15:59 Wheelbarrow
15:14 Town Watch
17:04 Bow Saw
20:12 Hand Cart
21:53 Heavy Plow
23:13 Scale Mail Armor
22:44 Pikeman
25:03 Chain Mail Armor
25:58 Ballistics
26:11 Forging
30:46 Arson
31:42 Iron Casting
35:32 Imperial Age
37:35 Bloodlines
37:35 Scale Barding Armor
38:31 Blast Furnace
38:43 Gold Mining
38:43 Stone Mining
39:25 Husbandry
39:52 Chain Barding Armor
40:42 Chemistry
39:56 Masonry
41:04 Halberdier
42:37 Double Crossbow
46:25 Siege Engineers
46:31 Fortified Wall
49:23 Plate Barding Armor
49:25 Architecture
48:27 Cavalier
Hugh Janas93
11:44 Feudal Age
12:16 Loom
18:24 Castle Age
19:36 Horse Collar
22:29 Chemistry
22:44 Double-Bit Axe
27:49 Fletching
27:59 Padded Archer Armor
41:00 Pikeman
43:11 Bodkin Arrow
45:32 Wheelbarrow
Connection lost

Rejoining the realm…

Still unreachable

The connection could not be restored.

Session expired

The server has moved on; the page needs a fresh start.